 Dungeon Crawl Stone Soup version 0.31.0-11-ge490571c62 (webtiles) character file.

Game seed: 1833779615013047507

338 qw the Skirmisher (level 6, -2/35 HPs)
             Began as a Deep Elf Hunter on Feb 4, 2024.
             Slain by a gnoll
             ... wielding a +0 halberd
             ... led by a gnoll bouda
              (7 damage)
             ... on level 4 of the Dungeon.
             The game lasted 00:00:10 (2425 turns).

qw the Skirmisher (Deep Elf Hunter)                 Turns: 2425, Time: 00:00:11

Health: -2/35      AC:  7    Str: 10    XL:     6   Next: 29%
Magic:  8/8        EV: 10    Int: 16    God:
Gold:   143        SH:  0    Dex: 23    Spells: 5/5 levels left

rFire   + . .        f - +4 sling of the Hidden Vale {flame, rF+ Dex+3 SInv}
rCold   + . .        (no shield)
rNeg    . . .        b - +0 scale mail of Woriuss {Fly Int+2 Dex+2}
rPois   +            (no helmet)
rElec   .            h - +0 cloak
rCorr   .            (no gloves)
SInv    +            (no boots)
Will    .....        (no amulet)
Stlth   +            d - ring of poison resistance
HPRegen 0.25/turn    (no ring)
MPRegen 0.11/turn

%: no passive effects
@: weakened, flying
A: cold resistance 1, screaming 1
a: no special abilities


You were on level 4 of the Dungeon.
You visited 2 branches of the dungeon, and saw 5 of its levels.

You collected 143 gold pieces.


Innate Abilities, Weirdness & Mutations

Your flesh is cold resistant. (rC+)
You occasionally shout uncontrollably at your foes.


   Skills:
 - Level 2.2 Fighting
 + Level 9.3 Ranged Weapons
 - Level 1.0 Armour
 - Level 3.0 Dodging
 - Level 1.2 Stealth


You had 5 spell levels left.
You didn't know any spells.
Your spell library was empty.

Inventory:

Hand Weapons
 f - the +4 sling of the Hidden Vale (weapon) {flame, rF+ Dex+3 SInv}
   (You found it on level 2 of the Dungeon)

   Dex+3:     It affects your dexterity (+3).
   rF+:       It protects you from fire.
   SInv:      It lets you see invisible.
Armour
 b - the +0 scale mail of Woriuss (worn) {Fly Int+2 Dex+2}
   (You found it on level 3 of the Dungeon)

   Int+2:     It affects your intelligence (+2).
   Dex+2:     It affects your dexterity (+2).
   Fly:       It grants you flight.
 h - a +0 cloak (worn)
Jewellery
 d - a ring of poison resistance (left hand)
Wands
 a - a wand of digging (6)
 j - a wand of mindburst (15)
Scrolls
 c - 2 scrolls of identify
Potions
 i - a potion of mutation

Dungeon Overview and Level Annotations

Branches:
Dungeon (4/15)             Temple (1/1) D:4

Altars:
Elyvilon
Hepliaklqana
Kikubaaqudgha
Makhleb
Nemelex Xobeh
Ru
Sif Muna
Uskayaw
Vehumet
Zin
The Shining One

Annotations:
D:2 1 runed translucent door, Crazy Yiuf


Message History

The gnoll hits you from afar with a +0 spear.
The gnoll completely misses you.
You shoot a sling bullet.
The sling bullet barely misses the gnoll.
The gnoll barely misses you.
A gnoll comes into view. It is wielding a +0 spear.
You shoot a sling bullet. The sling bullet hits the gnoll.
The sling bullet burns the gnoll.
The gnoll is almost dead.
The gnoll barely misses you.
You shoot a sling bullet.
The sling bullet barely misses the gnoll.
The gnoll hits you from afar with a +0 spear!
You shoot a sling bullet. The sling bullet hits the gnoll.
The sling bullet burns the gnoll.
You kill the gnoll!
You shoot a sling bullet. The sling bullet hits the gnoll bouda!
The sling bullet burns the gnoll bouda.
The gnoll bouda is heavily wounded.
The gnoll bouda gazes fiercely through you!
You feel your attacks grow feeble.
The gnoll bouda hits you but does no damage.
You shoot a sling bullet.
The sling bullet completely misses the gnoll bouda.
The gnoll hits you from afar with a +0 halberd.
The gnoll bouda barely misses you.
You shoot a sling bullet. The sling bullet hits the gnoll bouda!
The sling bullet burns the gnoll bouda.
You kill the gnoll bouda!
The gnoll hits you from afar with a +0 halberd!
The gnoll closely misses you.
You shoot a sling bullet. The sling bullet hits the gnoll.
The sling bullet burns the gnoll.
The gnoll is moderately wounded.
The gnoll hits you from afar with a +0 halberd.
You shoot a sling bullet. The sling bullet hits the gnoll.
The sling bullet burns the gnoll.
The gnoll is heavily wounded.
The gnoll hits you from afar with a +0 halberd!
You die...

#.#.# #.# #.#.#
#.# #.#.# #.#
#.#.#####.########
)................#
#####.##########.#
#.# #.# #.# #.#
#.. #@# ###
#...gg).#
#.#######


You could see 2 gnolls.

Vanquished Creatures
  2 hounds (D:4)
  2 bombardier beetles (D:3)
  A gnoll bouda (D:4)
  Jessica (D:3)
  An iguana (D:4)
  A gnoll (D:4)
  4 adders
  2 ufetubi (D:3)
  2 dart slugs
  3 ribbon worms
  6 orcs
  11 ball pythons
  6 endoplasms
  2 giant cockroaches
  3 goblins
  5 hobgoblins
  4 jackals (D:1)
  3 quokkas
  3 bats
  2 frilled lizards
  5 kobolds
  4 rats
73 creatures vanquished.

Notes
Turn   | Place    | Note
-------+----------+-------------------------------------------
     0 | D:1      | qw the Deep Elf Hunter began the quest for the Orb.
     0 | D:1      | Reached XP level 1. HP: 12/12 MP: 3/3
     0 | D:1      | 0 ||| qw: Version: 0.3-a-160-g6735b56
     0 | D:1      | 0 ||| qw: Game counter: 5503
     0 | D:1      | 0 ||| qw: Melee chars always use a shield: true
     0 | D:1      | 0 ||| qw: God list: Okawaru
     0 | D:1      | 0 ||| qw: Allow faded altars: false
     0 | D:1      | 0 ||| qw: Do Orc after clearing Dungeon:15 true
     0 | D:1      | 0 ||| qw: Do second Lair branch before Depths: true
     0 | D:1      | 0 ||| qw: Lair rune preference: random
     0 | D:1      | 0 ||| qw: Goals: Normal
     0 | D:1      | 0 ||| PLANNING D:1-11
    93 | D:1      | Reached skill level 6 in Ranged Weapons
    93 | D:1      | Reached XP level 2. HP: 16/16 MP: 4/4
   239 | D:1      | Found a faded altar of an unknown god.
   375 | D:1      | Reached XP level 3. HP: 20/20 MP: 5/5
   449 | D:1      | 449 ||| READING scroll labelled SITEBRINECH.
   450 | D:1      | 450 ||| READING scroll labelled TAPODAA RA RIL.
   450 | D:1      | 450 ||| IDENTIFYING fizzy ruby potion
   451 | D:1      | 451 ||| DROPPING scroll of butterflies.
   452 | D:1      | 452 ||| DROPPING potion of magic.
   672 | D:2      | Reached skill level 7 in Ranged Weapons
   788 | D:2      | Identified the +4 sling of the Hidden Vale {flame, rF+
                  | Dex+3 SInv}
   790 | D:2      | 790 ||| SWAPPING to +4 sling of the Hidden Vale {flame, rF+
                  | Dex+3 SInv}.
   791 | D:2      | 791 ||| DROPPING +0 shortbow.
   792 | D:2      | 792 ||| READING scroll labelled SIBEANE BUIS.
  1028 | D:2      | 1028 ||| UPGRADING to ring of poison resistance.
  1029 | D:2      | 1029 ||| DRINKING 2 bubbling inky potions.
  1030 | D:2      | 1030 ||| DROPPING potion of brilliance.
  1313 | D:2      | Found a runed translucent door.
  1314 | D:2      | Noticed Crazy Yiuf
  1317 | D:2      | 1317 ||| READING scroll of identify.
  1317 | D:2      | 1317 ||| IDENTIFYING yellow potion
  1318 | D:2      | 1318 ||| DROPPING potion of attraction.
  1444 | D:3      | Identified the +0 scale mail of Woriuss {Fly Int+2 Dex+2}
  1460 | D:3      | Reached skill level 3 in Dodging
  1527 | D:3      | Reached XP level 4. HP: 25/25 MP: 6/6
  1558 | D:3      | Noticed Jessica
  1565 | D:3      | Killed Jessica
  1566 | D:3      | Reached skill level 8 in Ranged Weapons
  1595 | D:3      | Found a white marble altar of Elyvilon.
  1609 | D:3      | Reached XP level 5. HP: 29/29 MP: 7/7
  1855 | D:3      | 1855 ||| UPGRADING to +0 scale mail of Woriuss {Fly Int+2
                  | Dex+2}.
  1865 | D:3      | 1865 ||| DROPPING +0 leather armour.
  1866 | D:3      | 1866 ||| UPGRADING to +0 cloak.
  1871 | D:3      | 1871 ||| DROPPING ring of wizardry.
  1872 | D:3      | 1872 ||| READING scroll labelled YLOECWAALI.
  1873 | D:3      | 1873 ||| READING scroll labelled CUXYUDULAQ.
  1974 | D:3      | 1974 ||| DRINKING 2 fizzy orange potions.
  1974 | D:3      | Gained mutation: You possess an exceptional clarity of
                  | mind. [potion of mutation]
  1974 | D:3      | Lost mutation: You possess an exceptional clarity of mind.
                  | [potion of mutation]
  1974 | D:3      | Gained mutation: You occasionally shout uncontrollably at
                  | your foes. [potion of mutation]
  1974 | D:3      | Gained mutation: Your flesh is cold resistant. (rC+)
                  | [potion of mutation]
  2109 | D:4      | Found a staircase to the Ecumenical Temple.
  2110 | D:4      | 2110 ||| PLANNING TEMPLE
  2110 | D:4      | 2110 ||| READING scroll of identify.
  2110 | D:4      | 2110 ||| IDENTIFYING grey potion
  2111 | D:4      | 2111 ||| DROPPING potion of ambrosia.
  2117 | Temple   | Found a transporter.
  2117 | Temple   | Found a transporter.
  2117 | Temple   | Found a transporter.
  2117 | Temple   | Found a transporter.
  2117 | Temple   | Entered the Ecumenical Temple
  2118 | Temple   | 2118 ||| PLANNING D:1-11
  2273 | D:4      | Reached skill level 9 in Ranged Weapons
  2282 | D:4      | Reached skill level 1 in Armour
  2301 | D:4      | Found a sacrificial altar of Ru.
  2326 | D:4      | Reached XP level 6. HP: 35/35 MP: 8/8
  2343 | D:4      | 2343 ||| FLEEEEING.
  2344 | D:4      | 2344 ||| FLEEEEING.
  2345 | D:4      | 2345 ||| FLEEEEING.
  2423 | D:4      | HP: 5/35 [gnoll/+0 halberd[a gnoll bouda] (13)]
  2425 | D:4      | Slain by a gnoll

Levels and vault maps discovered:
D:1:      evilmike_arrival_plus, layout_rooms, basic_ecumenical_altar
D:2:      layout_basic, serial_glass, glass_columns_b, glass_columns_b,
          glass_columns_a, glass_columns_a, chequers_serial_rivers_large_b,
          uniq_crazy_yiuf_cottage
D:3:      layout_rooms, lemuel_round_altar, kennysheep_minor_cross,
          chequers_serial_rivers_micro_e, minmay_bisected, uniq_jessica
D:4:      layout_loops_ring, old_standard_altar, minmay_temple_entry_hall,
          uniq_natasha
Temple:   hellmonk_temple_divided_pantheon

Skill      XL: |  1  2  3  4  5  6 |
---------------+-------------------+-----
Ranged Weapons | 6 7 8 9 |  9.3
Dodging        | 3 |  3.0
Armour         | 1 |  1.0
Fighting       | 2 |  2.2
Stealth        | |  1.2

Action                     |  1- 3 |  4- 6 || total
---------------------------+-------+-------++-------
   Fire: Shortbow          |    86 |       ||    86
         Sling             |    19 |    77 ||    96
    Use: Scroll            |     4 |     3 ||     7
         Potion            |     1 |     1 ||     2
 Armour: Leather armour    |    17 |     3 ||    20
         Scale mail        |       |    20 ||    20
  Dodge: Dodged            |    17 |    21 ||    38

Table legend:
 A = Non-vault XP
 B = Vault XP
 C = Vault XP percentage of total XP
 D = Non-vault monster count
 E = Vault monster count
 F = Vault count percentage of total count
                 A         B        C        D         E       F
            +---------+---------+-------+---------+---------+-------
      Total |     403 |      81 |  16.7 |      70 |       3 |   4.1
            +---------+---------+-------+---------+---------+-------
        D:1 |      41 |       0 |   0.0 |      23 |       0 |   0.0
        D:2 |      46 |       0 |   0.0 |      19 |       0 |   0.0
        D:3 |      71 |      81 |  53.3 |       8 |       3 |  27.3
        D:4 |     245 |       0 |   0.0 |      20 |       0 |   0.0
            +---------+---------+-------+---------+---------+-------
